 Dungeon Crawl Stone Soup version 0.27.1-35-g4d5d836560 (webtiles) character file.

Game seed: 9946399354760922904

14640 Delamore the Covert (level 12, -2/87 HPs)
             Began as an Octopode Brigand on Apr 24, 2022.
             Was an Initiate of Gozag.
             Slain by an orc warrior (33 damage)
             ... on level 1 of the Orcish Mines.
             The game lasted 00:17:08 (16534 turns).

Delamore the Covert (Octopode Brigand)             Turns: 16534, Time: 00:17:08

Health: -2/87      AC:  1    Str: 11    XL:     12   Next: 18%
Magic:  12/12      EV: 19    Int: 13    God:    Gozag
Gold:   677        SH: 12    Dex: 18    Spells: 11/11 levels left

rFire    + . .     SeeInvis +   q - +2 dagger (elec)
rCold    + + .     Faith    .   L - +2 buckler "Vunasi" {+Blink rElec}
rNeg     . . .     Spirit   .   (helmet restricted)
rPois    .         Reflect  +   h - amulet of reflection
rElec    +         Harm     .   g - ring of protection from cold
rCorr    .         Rampage  .   x - ring of protection from cold
Will     +....                  M - ring of protection from cold
Stlth    ++++++....             C - ring of fire
HPRegen  0.24/turn              R - ring of willpower
MPRegen  0.13/turn              Q - ring of see invisible
                                (no ring)
                                (no ring)

@: about to teleport, gold aura
A: almost no armour, amphibious, 8 rings, camouflage 1, gelatinous body 1,
(nimble swimmer 1), tentacles
a: Renounce Religion, Evoke Blink, Potion Petition, Call Merchant, Bribe Branch


You were on level 1 of the Orcish Mines.
You worshipped Gozag.
Gozag was pleased with you.
You visited 3 branches of the dungeon, and saw 13 of its levels.
You also visited: Sewer.

You collected 2098 gold pieces.
You spent 875 gold pieces at shops.
You paid 546 gold pieces to Gozag.

Inventory:

Hand Weapons
 a - a +2 dagger
 q - a +2 dagger of electrocution (weapon)
 s - a +0 dagger of protection
 B - a +0 rapier
 D - a +4 antimagic dagger
Missiles
 b - 72 poisoned darts
 c - 3 curare-tipped darts (quivered)
 p - 3 throwing nets
Armour
 L - the +2 buckler "Vunasi" (worn) {+Blink rElec}
   (You acquired it on level 8 of the Dungeon)

   rElec:     It insulates you from electricity.
   +Blink:    It lets you blink.
Jewellery
 g - a ring of protection from cold (left tentacle)
 h - an amulet of reflection (around mantle)
 x - a ring of protection from cold (right tentacle)
 C - a ring of fire (on tentacle)
 M - a ring of protection from cold (on tentacle)
 Q - a ring of see invisible (on tentacle)
 R - a ring of willpower (on tentacle)
Wands
 n - a wand of flame (33)
 u - a wand of mindburst (9)
 y - a wand of charming (4)
Scrolls
 i - 3 scrolls of magic mapping
 k - a scroll of vulnerability
 l - a scroll of enchant armour
 o - 2 scrolls of immolation
 v - a scroll of noise
 w - a scroll of enchant weapon
 A - 5 scrolls of fear
 F - a scroll of torment
 G - a scroll of fog
 H - a scroll of blinking {unknown}
 O - a scroll of holy word
Potions
 d - a potion of attraction {unknown}
 e - 3 potions of brilliance
 f - 2 potions of might {unknown}
 j - a potion of resistance {unknown}
 m - 5 potions of curing {unknown}
 r - 3 potions of lignification {unknown}
 t - a potion of berserk rage {unknown}
 z - a potion of invisibility {unknown}
 E - 2 potions of haste
 J - a potion of mutation {unknown}
 K - a potion of degeneration {unknown}
 P - 2 potions of cancellation {unknown}
Miscellaneous
 N - a phantom mirror (inert)


   Skills:
 - Level 10.0 Fighting
 - Level 10.0 Short Blades
 - Level 5.0 Throwing
 - Level 10.0 Dodging
 - Level 10.1 Stealth
 + Level 3.5 Shields
 - Level 5.0 Evocations


You had 11 spell levels left.
You didn't know any spells.
Your spell library contained the following spells:

 Spells                   Type           Power      Damage    Failure   Level
 Sting                    Tmut/Pois      0%         1d3       32%         1
 Corpse Rot               Necr/Air       N/A        N/A       43%         2
 Poisonous Vapours        Pois/Air       0%         N/A       43%         2
 Slow                     Hex            0%         N/A       43%         2
 Confusing Touch          Hex            0%         N/A       67%         3
 Ignite Poison            Fire/Tmut/Pois 0%         N/A       67%         3
 Mephitic Cloud           Conj/Pois/Air  0%         N/A       67%         3
 Stone Arrow              Conj/Erth      0%         3d7       67%         3
 Vampiric Draining        Necr           0%         2d6       67%         3
 Olgreb's Toxic Radiance  Pois           0%         N/A       97%         4
 Bolt of Magma            Conj/Fire/Erth 0%         4d4       100%        5
 Freezing Cloud           Conj/Ice/Air   0%         6-21      100%        5
 Lehudib's Crystal Spear  Conj/Erth      0%         10d2      100%        8
 Animate Armour           Summ/Erth      Unusable   N/A       N/A         4

Dungeon Overview and Level Annotations

Branches:
Dungeon (10/15)            Temple (1/1) D:6             Orc (2/2) D:10
    Elf (0/3) Orc:2         Sewer (visited)
   Lair: D:8-11

Altars:
Ashenzari
Cheibriados
Dithmenos
Elyvilon
Fedhas
Gozag
Hepliaklqana
Kikubaaqudgha
Makhleb
Nemelex Xobeh
Qazlal
Ru
Trog
Uskayaw
Xom
Yredelemnul
Zin
The Shining One

Shops:
D:8 ?   Orc:1 [   Orc:2 =

Annotations:
D:10 2 runed translucent doors, Tzialkovskiy's ghost, journeyman TrBe
Orc:2 Urug


Innate Abilities, Weirdness & Mutations

You cannot wear most types of armour.
You are amphibious.
You can wear up to eight rings at the same time.
Your skin changes colour to match your surroundings (Stealth+).
Your rubbery body absorbs attacks. (AC +1, EV +1)
((You are camouflaged near water. (Stealth+)))
You have tentacles for arms and can constrict up to eight enemies at once.


Message History

The orc sorcerer shouts!
An orc wizard comes into view. It is wielding a +0 dagger.
As you read the scroll of teleportation, it crumbles to dust.
You feel strangely unstable. You block the orc priest's attack.
You block the orc wizard's attack.
You barely miss the orc priest. Your grab misses the orc priest.
Your squeeze misses the orc priest. You block the orc priest's attack.
The orc wizard hits you with a +0 dagger.
You hit the orc priest but do no damage.
Lightning courses through the orc priest!
You grab the orc priest.
The orc priest is almost dead.
You constrict the orc priest.
You kill the orc priest!
The orc is distracted by your dazzling golden aura.
The orc warrior barely misses you.
The orc shouts!
You hit the orc wizard. You grab the orc wizard.
You squeeze the orc wizard, but do no damage.
The orc wizard is lightly wounded.
You constrict the orc wizard, but do no damage.
You hear a shout!
The orc warrior is no longer distracted by gold.
The orc is no longer distracted by gold.
The orc wizard completely misses you.
You hear a shout!
You hit the orc wizard. You squeeze the orc wizard.
The orc wizard is heavily wounded.
You constrict the orc wizard. The orc warrior closely misses you.
The orc is distracted by your dazzling golden aura.
The orc shouts!
You puncture the orc wizard!
You kill the orc wizard!
The orc sorcerer is no longer distracted by gold.
You block the orc's attack.
You closely miss the orc. You grab the orc. You squeeze the orc!
You kill the orc!
The orc warrior hits you with a +0 battleaxe!!
You die...
Your body crumbles into a pile of gold. #.....# .o.. ##...#### ...# #####..#.# ooo

##.##...#.# .o#
#.........#
oo#####.........
oo.#.##.........
##o.###......#....
#@$.# #.....)#))..
##o## #.........).
## ##..........
##........#
##.......#
##....... ###...##
###### #


You could see an orc warlord, an orc sorcerer (strong), 3 orc warriors, 2 orc
wizards and 4 orcs.

Vanquished Creatures
  Josephine (D:10)
  Harold (D:7)
  A two-headed ogre (D:8)
  An orc high priest (Orc:1)
  A fire crab (shapeshifter) (D:10)
  An orc sorcerer (Orc:1)
  A gargoyle (D:9)
  Maggie (D:7)
  2 hornets
  A slime creature (D:5)
  Sigmund (D:3)
  3 wyverns
  21 yaks
  5 wraiths (D:10)
  A warg (D:10)
  An acid dragon (D:10)
  3 water moccasins
  10 orc warriors
  Purgy (Sewer)
  An ice beast (D:6)
  4 ogres
  2 necrophages
  2 centaurs
  A phantom (D:4)
  5 kobold brigands
  3 bullfrogs
  A water moccasin zombie (D:5)
  3 scorpions
  4 killer bees
  3 howler monkeys
  6 jellies
  4 centaur zombies
  A hound (D:6)
  A centaur skeleton (D:7)
  8 orc priests
  A bullfrog skeleton (D:6)
  Natasha (twice) (D:3)
  5 iguanas
  7 orc wizards
  A hound zombie (D:5)
  2 howler monkey zombies
  A howler monkey skeleton (D:6)
  7 adders
  3 river rats (D:3)
  A shadow imp (D:6)
  2 white imps
  A worm (D:2)
  A dart slug (D:2)
  59 orcs
  5 endoplasms
  10 giant cockroaches
  7 goblins
  7 hobgoblins
  4 jackals (D:1)
  3 quokkas
  12 ball pythons
  6 bats
  A frilled lizard (D:1)
  31 kobolds
  9 rats
294 creatures vanquished.

Vanquished Creatures (collateral kills)
  A water moccasin (D:8)
1 creature vanquished.

Vanquished Creatures (others)
  A killer bee (D:8)
  12 fungi
  4 toadstools (D:6)
17 creatures vanquished.

Grand Total: 312 creatures vanquished

Notes
Turn   | Place    | Note
-------+----------+-------------------------------------------
     0 | D:1      | Delamore the Octopode Brigand began the quest for the Orb.
     0 | D:1      | Reached XP level 1. HP: 14/14 MP: 1/1
    58 | D:1      | Reached XP level 2. HP: 17/19 MP: 2/2
   555 | D:1      | Reached XP level 3. HP: 24/24 MP: 3/3
  1531 | D:2      | Reached XP level 4. HP: 29/29 MP: 4/4
  1618 | D:2      | Found a faded altar of an unknown god.
  1943 | D:3      | Noticed a scorpion
  1950 | D:3      | Killed a scorpion
  1951 | D:3      | Reached XP level 5. HP: 16/34 MP: 5/5
  1992 | D:3      | Noticed Sigmund
  1997 | D:3      | Killed Sigmund
  1998 | D:3      | Reached skill level 5 in Short Blades
  1998 | D:3      | Reached XP level 6. HP: 16/39 MP: 6/6
  2382 | D:3      | Noticed Natasha
  2388 | D:3      | Killed Natasha
  2406 | D:3      | Found a glowing drain.
  2425 | Sewer    | Entered a sewer
  2585 | Sewer    | Noticed Purgy
  2605 | Sewer    | Killed Purgy
  2905 | D:3      | Reached XP level 7. HP: 34/45 MP: 7/7
  3621 | D:3      | Noticed Natasha
  3629 | D:3      | Killed Natasha
  4336 | D:4      | Reached XP level 8. HP: 27/50 MP: 8/8
  4669 | D:5      | Entered Level 5 of the Dungeon
  5226 | D:6      | Reached skill level 10 in Stealth
  5825 | D:6      | Noticed a slime creature
  5865 | D:6      | HP: 1/50 [slime creature (7)]
  6197 | D:6      | Reached XP level 9. HP: 54/54 MP: 9/9
  6534 | D:6      | Reached skill level 10 in Short Blades
  6726 | D:6      | Found a staircase to the Ecumenical Temple.
  6779 | Temple   | Entered the Ecumenical Temple
  6815 | Temple   | Became a worshipper of Gozag Ym Sagoz the Greedy
  7482 | D:5      | HP: 2/55 [slime creature (6)]
  8330 | D:7      | Noticed Maggie
  8340 | D:7      | Killed Maggie
  8919 | D:7      | Noticed Harold
  8922 | D:7      | Killed Harold
  8923 | D:7      | Reached skill level 5 in Fighting
  8923 | D:7      | Reached skill level 5 in Throwing
  8923 | D:7      | Reached skill level 5 in Dodging
  8923 | D:7      | Reached XP level 10. HP: 66/66 MP: 10/10
  9059 | D:7      | Reached skill level 1 in Evocations
  9153 | D:7      | Found a shimmering altar of Xom.
  9996 | D:8      | Noticed a two-headed ogre
 10005 | D:8      | Killed a two-headed ogre
 10404 | D:8      | HP: 3/69 [yak (5)]
 11320 | D:8      | Bought 3 scrolls of fear for 147 gold pieces
 11356 | D:9      | Noticed a gargoyle
 11366 | D:9      | Killed a gargoyle
 11367 | D:9      | Reached XP level 11. HP: 75/75 MP: 3/11
 11398 | D:9      | Reached skill level 5 in Evocations
 13416 | D:10     | Entered Level 10 of the Dungeon
 13432 | D:10     | Found a staircase to the Orcish Mines.
 13758 | D:10     | Found a runed translucent door.
 13761 | D:10     | Noticed an eight-headed hydra
 13762 | D:10     | Noticed a great orb of eyes
 13763 | D:10     | Noticed a skeletal warrior
 13764 | D:10     | Found a runed translucent door.
 13765 | D:10     | Noticed an ettin
 13766 | D:10     | Noticed a lich
 13770 | D:10     | Noticed Tzialkovskiy's ghost (journeyman TrBe)
 13774 | D:10     | Noticed a necromancer
 13775 | D:10     | Noticed Josephine
 13793 | D:10     | Killed Josephine
 14367 | D:10     | Paralysed by a hornet for 1 turns
 14627 | D:10     | Noticed a fire crab
 14637 | D:10     | Killed a fire crab
 15239 | D:8      | Bought a scroll of acquirement for 728 gold pieces
 15239 | D:8      | Acquired the +2 buckler "Vunasi" {+Blink rElec}
 15305 | Orc:1    | Entered Level 1 of the Orcish Mines
 15330 | Orc:1    | Found Pacomaar's Antique Armour Shop.
 15791 | Orc:1    | Reached skill level 1 in Shields
 15796 | Orc:1    | Reached XP level 12. HP: 51/87 MP: 12/12
 15971 | Orc:1    | Noticed an orc high priest
 15980 | Orc:1    | Killed an orc high priest
 15995 | Orc:1    | Reached skill level 10 in Fighting
 16084 | Orc:1    | Reached skill level 10 in Dodging
 16466 | Orc:2    | Entered Level 2 of the Orcish Mines
 16466 | Orc:2    | Found a staircase to the Elven Halls.
 16469 | Orc:2    | Noticed Urug
 16473 | Orc:2    | Found Igerusiy's Jewellery Shop.
 16473 | Orc:2    | Noticed an orc warlord
 16526 | Orc:1    | Noticed an orc warlord
 16534 | Orc:1    | Slain by an orc warrior

Illustrated notes

Levels and vault maps discovered:
D:1:      lightli_arrival_statue_moat, layout_basic, st_stairs_5,
          minmay_pentomino_o2
D:2:      layout_basic, shapermc_ecumenical_altar_acropolis
D:3:      layout_basic, portal_sewer_entry_e, minmay_misc_feat_doors,
          kennysheep_generic_room_4, uniq_natasha, uniq_sigmund
D:4:      layout_basic, kennysheep_generic_room_9
D:5:      layout_rooms
D:6:      cheibrodos_fertilizer, layout_basic, temple_hall, wad_rectangle_vault
D:7:      layout_loops_cross, mainiacjoe_overflow_cross_hatched, uniq_harold,
          uniq_maggie
D:8:      layout_gridville, st_stairs_12
D:9:      layout_layer_cave
D:10:     layout_stronghold, david_orc_2, serial_rivers,
          chequers_serial_rivers_large_a, chequers_serial_rivers_micro_e,
          chequers_serial_rivers_micro_a, chequers_serial_rivers_room_a,
          muffindrake_ghost_dual_entry, uniq_josephine
Temple:   nicolae_temple_the_god_donut
Orc:1:    layout_diamond_mine, serial_shops, shop
Orc:2:    grunt_orc_gardens, layout_diamond_mine, grunt_orc_garden,
          grunt_orc_garden, grunt_orc_garden, grunt_orc_garden,
          nicolae_orc_lost_temple, uniq_urug

Skill      XL: |  1  2  3  4  5  6  7  8  9 10 11 12 |
---------------+-------------------------------------+-----
Short Blades   | 3 4 5 6 7 9 10 | 10.0
Stealth        | 6 7 9 10 | 10.1
Dodging        | 5 7 9 10 | 10.0
Fighting       | 5 7 9 10 | 10.0
Throwing       | 5 |  5.0
Evocations     | 4 5 |  5.0
Shields        | 1 3 |  3.5

Action                   |  1- 3 |  4- 6 |  7- 9 | 10-12 || total
-------------------------+-------+-------+-------+-------++-------
Melee: Dagger            |    69 |    40 |   361 |   473 ||   943
       Constrict         |    16 |     6 |    50 |    59 ||   131
       Tentacles         |    11 |     8 |    88 |   105 ||   212
Throw: Dart              |       |    11 |    14 |    46 ||    71
Invok: Call Merchant     |       |       |       |     1 ||     1
Evoke: Wand              |       |     1 |    15 |     5 ||    21
       Phantom mirror    |       |       |       |     1 ||     1
  Use: Potion            |       |     4 |     2 |     2 ||     8
       Scroll            |       |     3 |     6 |     5 ||    14
 Stab: Sleeping          |    12 |     9 |    18 |    25 ||    64
       Distracted        |       |       |     1 |     9 ||    10
Armor: Skin              |     3 |     5 |    40 |    19 ||    67
Dodge: Dodged            |    33 |    58 |   112 |   211 ||   414
Block: Other             |       |    13 |    44 |    44 ||   101
       Reflection        |       |     2 |     4 |     3 ||     9
       Buckler           |       |       |       |    29 ||    29
